 Dungeon Sprint DCSS version 0.23-a0-481-g60b89c1 (webtiles) character file.

296 Leeroy the Magician (level 6, 0/53 HPs)
             Began as a Gnoll Skald on Nov 29, 2018.
             Was an Initiate of Vehumet.
             Slain by Sonja
             ... wielding a +1 short sword of distortion
              (9 damage)
             ... in the Dungeon (Sprint I: "Red Sonja").
             The game lasted 00:06:46 (425 turns).

Leeroy the Magician (Gnoll Skald)                    Turns: 425, Time: 00:06:47

Health: 0/53       AC:  6    Str: 15    XL:     6   Next: 34%
Magic:  15/15      EV: 14    Int: 15    God:    Vehumet [......]
Gold:   173        SH:  0    Dex: 15    Spells: 15/18 levels left

rFire    . . .     SeeInvis .   a - +0 falchion
rCold    . . .     Gourm    .   (no shield)
rNeg     . . .     Faith    .   e - +0 ring mail
rPois    .         Spirit   .   (no helmet)
rElec    .         Reflect  .   (no cloak)
rCorr    .         Harm     .   (no gloves)
MR       .....     NoTele   +   (no boots)
Stlth    ++........             (no amulet)
HPRegen  0.17/turn              (no ring)
MPRegen  0.14/turn              (no ring)

@: lethally poisoned (0 -> -15), slowed, very slow
A: distributed training, fangs 1, strong nose
a: Renounce Religion


You were in the Dungeon.
You worshipped Vehumet.
Vehumet was noncommittal.
You were not hungry.

You visited 1 branch You collected 173 gold pieces.

Inventory:

Hand Weapons
 a - a +0 falchion (weapon)
 c - a +0 club
 f - a +0 scythe
 l - a +0 giant spiked club
Armour
 b - a +0 leather armour
 e - a +0 ring mail (worn)
 i - a +0 robe
Scrolls
 j - a scroll of blinking
 k - a scroll of enchant armour {unknown}
Potions
 g - a potion of haste
 h - 2 potions of magic
Comestibles
 d - a ration


   Skills:
 + Level 6.4 Fighting
 + Level 4.3 Short Blades
 + Level 6.4 Long Blades
 + Level 4.3 Axes
 + Level 4.3 Maces & Flails
 + Level 4.3 Polearms
 + Level 4.3 Staves
 + Level 4.3 Slings
 + Level 4.3 Bows
 + Level 4.3 Crossbows
 + Level 4.3 Throwing
 + Level 5.1 Armour
 + Level 6.4 Dodging
 + Level 4.3 Stealth
 + Level 4.3 Shields
 + Level 4.3 Unarmed Combat
 + Level 6.7 Spellcasting
 + Level 3.6 Conjurations
 + Level 3.6 Hexes
 + Level 6.6 Charms
 + Level 3.6 Summonings
 + Level 3.6 Necromancy
 + Level 3.6 Translocations
 + Level 3.6 Transmutations
 + Level 3.6 Fire Magic
 + Level 3.6 Ice Magic
 + Level 3.6 Air Magic
 + Level 3.6 Earth Magic
 + Level 3.6 Poison Magic
 + Level 4.8 Invocations
 + Level 4.3 Evocations


You had 15 spell levels left.
You knew the following spells:

 Your Spells              Type           Power        Failure   Level  Hunger
a - Infusion              Chrm           ###.         1%          1    None
b - Shroud of Golubria    Chrm/Tloc      ###.......   4%          2    None

Your spell library contained the following spells:

 Spells                   Type           Power        Failure   Level  Hunger
 Song of Slaying          Chrm           ###.....     2%          2    None
 Regeneration             Chrm/Necr      ###.......   10%         3    ##.....
 Spectral Weapon          Hex/Chrm       ###.....     10%         3    ##.....


Dungeon Overview and Level Annotations

Branches:
Dungeon (1/1)

Altars:
Sif Muna
Vehumet
Wu Jian

Annotations:
D Sonja


Innate Abilities, Weirdness & Mutations

Your experience applies equally to all skills.
You have very sharp teeth.
Your uncanny sense of smell can sniff out nearby items.


Message History

Sonja blinks!
There is a radiant altar of Vehumet here.
You see here a curare-tipped needle.
You kneel at the altar of Vehumet.
Vehumet welcomes you!
Your shroud unravels.
You feel sick.
Sonja unwields a +0 blowgun.
Sonja wields a +1 short sword of distortion.
Its appearance distorts for a moment.
Sonja barely misses you. x2
Sonja hits you with a +1 short sword of distortion!
Space bends around you.
You miss Sonja.
You feel very sick. Sonja hits you but does no damage.
Sonja closely misses you.
Sonja hits you with a +1 short sword of distortion. x2
You feel a strange sense of stasis. Sonja closely misses you.
Sonja hits you but does no damage. Space warps horribly around you!
* * * LOW HITPOINT WARNING * * *
Sonja hits you with a +1 short sword of distortion!
You die...

################
#<.#..'..#..'..#
∆∆
#..'..#..'..#..+
∆∆
#..#####'#####'#
#..# #..#∆∆∆#.#
∆∆ #..#
####∆∆##.# #..#
#+#_.+ #⌠⌠#
+..._# ####
#@K#+# ∆∆ ##'#∆
∆∆∆∆ #.# ∆ $.$
∆∆ ∆∆ ∆ $.$#
##.## ∆#+#∆
∆∆∆∆∆


You could see Sonja.

Vanquished Creatures
  Sigmund (D)
  An ogre (D)
  A jelly (D)
  Ijyb (D)
4 creatures vanquished.

Notes
Turn   | Place    | Note
-------+----------+-------------------------------------------
     0 | D        | Leeroy the Gnoll Skald began the quest for the Orb.
     0 | D        | Reached XP level 1. HP: 20/20 MP: 6/6
    35 | D        | Noticed Ijyb
    64 | D        | Killed Ijyb
    64 | D        | Reached skill level 1 in Short Blades
    64 | D        | Reached skill level 1 in Axes
    64 | D        | Reached skill level 1 in Maces & Flails
    64 | D        | Reached skill level 1 in Polearms
    64 | D        | Reached skill level 1 in Staves
    64 | D        | Reached skill level 1 in Slings
    64 | D        | Reached skill level 1 in Bows
    64 | D        | Reached skill level 1 in Crossbows
    64 | D        | Reached skill level 1 in Throwing
    64 | D        | Reached skill level 1 in Stealth
    64 | D        | Reached skill level 1 in Shields
    64 | D        | Reached skill level 1 in Unarmed Combat
    64 | D        | Reached skill level 5 in Spellcasting
    64 | D        | Reached skill level 1 in Conjurations
    64 | D        | Reached skill level 1 in Hexes
    64 | D        | Reached skill level 1 in Summonings
    64 | D        | Reached skill level 1 in Necromancy
    64 | D        | Reached skill level 1 in Translocations
    64 | D        | Reached skill level 1 in Transmutations
    64 | D        | Reached skill level 1 in Fire Magic
    64 | D        | Reached skill level 1 in Ice Magic
    64 | D        | Reached skill level 1 in Air Magic
    64 | D        | Reached skill level 1 in Earth Magic
    64 | D        | Reached skill level 1 in Poison Magic
    64 | D        | Reached skill level 1 in Invocations
    64 | D        | Reached skill level 1 in Evocations
    64 | D        | Reached XP level 2. HP: 18/26 MP: 8/8
   166 | D        | Learned a level 2 spell: Shroud of Golubria
   166 | D        | Noticed an ogre
   173 | D        | Killed an ogre
   173 | D        | Reached skill level 5 in Fighting
   173 | D        | Reached skill level 5 in Long Blades
   173 | D        | Reached skill level 5 in Dodging
   173 | D        | Reached XP level 3. HP: 33/33 MP: 0/10
   173 | D        | Reached XP level 4. HP: 39/39 MP: 0/11
   197 | D        | Noticed Sigmund
   258 | D        | Killed Sigmund
   258 | D        | Reached skill level 5 in Armour
   258 | D        | Reached XP level 5. HP: 40/46 MP: 1/14
   258 | D        | Reached XP level 6. HP: 45/52 MP: 1/15
   404 | D        | Found an ornate altar of the Wu Jian Council.
   404 | D        | Found a deep blue altar of Sif Muna.
   406 | D        | Found a radiant altar of Vehumet.
   422 | D        | Noticed Sonja
   424 | D        | Became a worshipper of Vehumet
   425 | D        | Slain by Sonja

Vault maps used:
D:        dungeon_sprint_1

Skill      XL: |  1  2  3  4 |
---------------+-------------+-----
Short Blades   | 1 3 4 |  4.3
Axes           | 1 3 4 |  4.3
Maces & Flails | 1 3 4 |  4.3
Polearms       | 1 3 4 |  4.3
Staves         | 1 3 4 |  4.3
Slings         | 1 3 4 |  4.3
Bows           | 1 3 4 |  4.3
Crossbows      | 1 3 4 |  4.3
Throwing       | 1 3 4 |  4.3
Armour         | 3 4 5 |  5.1
Stealth        | 1 3 4 |  4.3
Shields        | 1 3 4 |  4.3
Unarmed Combat | 1 3 4 |  4.3
Spellcasting   | 5 6 |  6.7
Conjurations   | 1 2 3 |  3.6
Hexes          | 1 2 3 |  3.6
Summonings     | 1 2 3 |  3.6
Necromancy     | 1 2 3 |  3.6
Translocations | 1 2 3 |  3.6
Transmutations | 1 2 3 |  3.6
Fire Magic     | 1 2 3 |  3.6
Ice Magic      | 1 2 3 |  3.6
Air Magic      | 1 2 3 |  3.6
Earth Magic    | 1 2 3 |  3.6
Poison Magic   | 1 2 3 |  3.6
Invocations    | 1 3 4 |  4.8
Evocations     | 1 3 4 |  4.3
Fighting       | 5 6 |  6.4
Long Blades    | 5 6 |  6.4
Dodging        | 5 6 |  6.4
Charms         | 6 |  6.6

Action                   |  1- 3 |  4- 6 || total
-------------------------+-------+-------++-------
Melee: Falchion          |    31 |    11 ||    42
       Bite              |     7 |     1 ||     8
       Punch             |       |     1 ||     1
 Cast: Shroud of Golubri |     2 |     1 ||     3
       Infusion          |     1 |     2 ||     3
  Use: Potion            |     1 |     2 ||     3
Armor: Leather armour    |     2 |       ||     2
       Ring mail         |       |     3 ||     3
Dodge: Dodged            |    18 |     8 ||    26
       Rpst.: Falchion   |     5 |     1 ||     6

Table legend:
 A = Non-vault XP
 B = Vault XP
 C = Vault XP percentage of total XP
 D = Non-vault monster count
 E = Vault monster count
 F = Vault count percentage of total count
                 A         B        C        D         E       F
            +---------+---------+-------+---------+---------+-------
      Total |       0 |     423 | 100.0 |       0 |       4 | 100.0
            +---------+---------+-------+---------+---------+-------
          D |       0 |     423 | 100.0 |       0 |       4 | 100.0
            +---------+---------+-------+---------+---------+-------
